 Dungeon Crawl Stone Soup version 0.29-a0-509-g793eeb5391 (webtiles) character file.

Game seed: 5466412847985169966

21 Lekart the Skirmisher (level 2, -4/27 HPs)
             Began as a Draconian Chaos Knight on May 29, 2022.
             Was a Plaything of Xom.
             Slain by an iron imp (5 damage)
             ... summoned by Xom
             ... on level 1 of the Dungeon.
             The game lasted 00:02:05 (891 turns).

Lekart the Skirmisher (Draconian Chaos Knight)       Turns: 891, Time: 00:02:05

Health: -4/27      AC:  5    Str: 11 (12) XL:     2   Next: 62%
Magic:  2/2        EV: 12    Int: 12      God:    Xom [......]
Gold:   37         SH:  0    Dex: 10      Spells: 1/1 levels left

rFire   . . .      SeeInvis .   a - +0 falchion (chaos)
rCold   . . .      Faith    .   (no shield)
rNeg    . . .      Spirit   .   (body armour unavailable)
rPois   .          Reflect  .   (helmet restricted)
rElec   .          Harm     .   (no cloak)
rCorr   .          Rampage  .   c - +0 pair of gloves
Will    .....                   (no boots)
Stlth   +.........              (no amulet)
HPRegen 0.09/turn               (no ring)
MPRegen 0.08/turn               (no ring)

@: no status effects
A: AC +4, unfitting armour, cold-blooded, deterioration 1, weak 1
a: Renounce Religion


You were on level 1 of the Dungeon.
You worshipped Xom.
You were a very special plaything of Xom.
You visited 1 branch of the dungeon, and saw 1 of its levels.

You collected 37 gold pieces.

Inventory:

Hand Weapons
 a - a +0 falchion of chaos (weapon)
Missiles
 d - 4 poisoned darts (quivered)
Armour
 c - a +0 pair of gloves (worn)
Jewellery
 f - a +6 ring of dexterity
Miscellaneous
 b - a piece from Xom's chessboard (14/15)


   Skills:
 * Level 3.9 Fighting
 + Level 3.2 Long Blades
 + Level 0.2 Throwing
 + Level 2.3 Dodging


You had one spell level left.
You didn't know any spells.
Your spell library was empty.

Dungeon Overview and Level Annotations

Branches:
Dungeon (1/15)

Altars:

Shops:
D:1 (


Innate Abilities, Weirdness & Mutations

Your plain brown scales are hard. (AC +4)
You cannot fit into any form of body armour.
You are cold-blooded and may be slowed by cold attacks.
Your body sometimes deteriorates upon taking damage.
You are weak. (Str -2)


Message History

It was a potion of curing.
You feel better.
Xom thinks this is hilarious!
The ufetubus barely misses you. x2
The ufetubus hits you but does no damage.
The ufetubus hits you.
* * * LOW HITPOINT WARNING * * *
The iron imp hits you but does no damage.
You miss the ufetubus.
Your tail-slap misses the ufetubus.
The ufetubus closely misses you. The ufetubus hits you.
* * * LOW HITPOINT WARNING * * *
The iron imp hits you.
* * * LOW HITPOINT WARNING * * *
The ufetubus hits you but does no damage.
The ufetubus closely misses you.
You hit the iron imp.
Space warps around the iron imp.
The iron imp is severely wounded.
The ufetubus misses you. The ufetubus completely misses you.
The iron imp misses you.
You closely miss the iron imp.
Your tail-slap misses the iron imp.
The iron imp is severely wounded.
The ufetubus misses you.
The ufetubus hits you but does no damage.
The ufetubus barely misses you. x2
The iron imp hits you but does no damage.
You barely miss the iron imp.
The iron imp is severely wounded.
The ufetubus hits you but does no damage.
The ufetubus closely misses you. The ufetubus misses you.
The ufetubus closely misses you. The iron imp barely misses you.
You closely miss the iron imp.
You punch the iron imp, but do no damage.
The iron imp is severely wounded.
The ufetubus hits you but does no damage. x2
You closely miss the iron imp.
The iron imp is severely wounded.
The ufetubus hits you but does no damage.
The ufetubus hits you.
* * * LOW HITPOINT WARNING * * *
The iron imp hits you.
You die...

............#.#
#....#
##.####.#####.#
#.#### #.# #.# #.#
#.# #.## #.# ##.##
#.# ..#.###.####...#
#.# .###...........#
#.# ..#.###.####...#
#># .#.##
#...#########.#
...####.......§5@5§.#
..........###########
###########


You could see an iron imp (summoned, strong) and an ufetubus (summoned).

Vanquished Creatures
  2 endoplasms (D:1)
  3 giant cockroaches (D:1)
  2 hobgoblins (D:1)
  3 jackals (D:1)
  3 ball pythons (D:1)
  3 frilled lizards (D:1)
  2 kobolds (D:1)
  A rat (D:1)
19 creatures vanquished.

Notes
Turn   | Place    | Note
-------+----------+-------------------------------------------
     0 | D:1      | Lekart the Draconian Chaos Knight began the quest for the
                  | Orb.
     0 | D:1      | Reached XP level 1. HP: 19/19 MP: 1/1
   303 | D:1      | XOM: silly message
   387 | D:1      | XOM: silly message
   399 | D:1      | XOM: silly message
   429 | D:1      | XOM: swap monsters
   431 | D:1      | Reached XP level 2. HP: 27/27 MP: 2/2
   449 | D:1      | Found a faded altar of an unknown god.
   488 | D:1      | Found Midecw's Antique Weapon Boutique.
   599 | D:1      | XOM: 2-stop teleportation journey
   619 | D:1      | XOM: give mutations
   619 | D:1      | Gained mutation: Your body sometimes deteriorates upon
                  | taking damage. [Xom's mischief]
   619 | D:1      | Gained mutation: Your muscles are strong. (Str +2) [Xom's
                  | mischief]
   619 | D:1      | Lost mutation: Your muscles are strong. (Str +2) [Xom's
                  | mischief]
   619 | D:1      | Gained mutation: You are weak. (Str -2) [Xom's mischief]
   881 | D:1      | XOM: summons 2 hostile demons
   891 | D:1      | HP: 1/27 [ufetubus[Xom] (2)]
   891 | D:1      | Slain by an iron imp

Illustrated notes

Levels and vault maps discovered:
D:1:      dpeg_arrival_ratfight, layout_loops_ring, serial_shops,
          nicolae_shop_stone, basic_ecumenical_altar

Action                   || total
-------------------------++-------
Melee: Falchion          ||    57
       Tailslap          ||     6
       Punch             ||     2
Throw: Dart              ||    28
Evoke: Piece from Xom's  ||     1
  Use: Scroll            ||     1
       Potion            ||     1
 Stab: Petrified         ||     3
Armor: Skin              ||    33
Dodge: Dodged            ||    53

Table legend: (Time is in decaauts)
 A = Elapsed time spent in this place.
 B = Non-inter-level travel time spent in this place.
 C = Inter-level travel time spent in this place.
 D = Time resting spent in this place.
 E = Time spent auto-exploring this place.
 F = Levels seen in this place.
 G = Mean time per level.
                   A        B        C        D        E       F      G
               +--------+--------+--------+--------+--------+-----+--------+
         Total |    901 |    901 |      0 |      0 |    714 |   1 |  901.0 |
       Dungeon |    901 |    901 |      0 |      0 |    714 |   1 |  901.0 |
               +--------+--------+--------+--------+--------+-----+--------+

Top non-repeatable levels by time:
     D:1: 901 daAuts
